 Dungeon Crawl Stone Soup version 0.29-a0-1023-g6ae1a4a2c7 (webtiles) character file.

Game seed: 8227137459189047368

14564 Ijustatesigmund the Epochal (level 12, -3/74 HPs)
             Began as an Octopode Earth Elementalist on Aug 11, 2022.
             Was an Elder of Cheibriados.
             Slain by a six-headed hydra (10 damage)
             ... on level 12 of the Dungeon.
             The game lasted 00:54:22 (19240 turns).

Ijustatesigmund the Epochal (OpEE)                 Turns: 19240, Time: 00:54:23

Health: -3/74      AC:  1    Str: 17    XL:     12   Next: 17%
Magic:  9/23       EV: 19    Int: 30    God:    Cheibriados [****..]
Gold:   1258       SH: 12    Dex: 22    Spells: 9/26 levels left

rFire   . . .      SeeInvis .   b - +2 dagger (venom)
rCold   + . .      Faith    .   F - +1 buckler
rNeg    . . .      Spirit   .   (helmet restricted)
rPois   +          Reflect  +   n - amulet of reflection
rElec   .          Harm     .   f - ring of poison resistance
rCorr   .          Rampage  .   c - +4 ring of evasion
Will    .....                   r - ring of protection from cold
Stlth   ++++......              (no ring)
HPRegen 0.22/turn               (no ring)
MPRegen 0.18/turn               (no ring)
                                (no ring)
                                (no ring)

@: very slow
A: almost no armour, amphibious, 8 rings, camouflage 1, gelatinous body 1,
(nimble swimmer 1), tentacles
a: Renounce Religion, Bend Time, Temporal Distortion, Slouch


You were on level 12 of the Dungeon.
You worshipped Cheibriados.
Cheibriados was greatly pleased with you.
You visited 2 branches of the dungeon, and saw 13 of its levels.

You collected 1397 gold pieces.
You spent 139 gold pieces at shops.

Inventory:

Hand Weapons
 b - a +2 dagger of venom (weapon)
 h - a +3 flail
 l - a +0 rapier of electrocution
Missiles
 o - a throwing net
Armour
 C - an orb of energy
 F - a +1 buckler (worn)
Magical Staves
 d - a staff of cold
 x - a staff of poison
Jewellery
 c - a +4 ring of evasion (right tentacle)
 f - a ring of poison resistance (left tentacle)
 i - a ring of ice
 n - an amulet of reflection (around mantle)
 r - a ring of protection from cold (on tentacle)
 y - an amulet of guardian spirit
Wands
 D - a wand of roots (5)
 H - a wand of polymorph (2)
 I - a wand of flame (5)
Scrolls
 j - a scroll of identify
 q - 5 scrolls of amnesia
 t - 2 scrolls of magic mapping
 u - 2 scrolls of fear
 v - a scroll of blinking
 w - 3 scrolls of silence
Potions
 a - 2 potions of magic
 e - a potion of resistance
 g - a potion of heal wounds
 k - 3 potions of curing
 m - 5 potions of lignification
 s - a potion of ambrosia
 z - a potion of mutation
 A - a potion of cancellation
 B - 3 potions of might
 E - a potion of invisibility
 G - 4 potions of attraction


   Skills:
 - Level 4.1 Fighting
 - Level 2.0 Short Blades
 - Level 4.4 Dodging
 - Level 4.1 Stealth
 - Level 3.0 Shields
 - Level 7.5 Spellcasting
 - Level 7.4 Conjurations
 - Level 2.8 Translocations
 - Level 5.8 Transmutations
 + Level 4.4 Ice Magic
 + Level 4.4 Air Magic
 - Level 6.9 Earth Magic
 + Level 8.9 Invocations
 - Level 3.6 Evocations


You had 9 spell levels left.
You knew the following spells:

 Your Spells              Type           Power      Damage    Failure   Level
a - Sandblast             Erth           100%       2d20      1%          1
b - Stone Arrow           Conj/Erth      100%       3d13      1%          3
c - Petrify               Tmut/Erth      49%        N/A       4%          4
d - Passwall              Tmut/Erth      40%        N/A       1%          2
e - Blink                 Tloc           56%        N/A       2%          2
f - Freezing Cloud        Conj/Ice/Air   22%        6-21      17%         5

Your spell library contained the following spells:

 Spells                   Type           Power      Damage    Failure   Level
 Swiftness                Air            38%        N/A       2%          3
 Ensorcelled Hibernation  Hex/Ice        48%        N/A       3%          2
 Spider Form              Tmut/Pois      28%        N/A       5%          3
 Scorch                   Fire           22%        2d6       9%          2
 Flame Wave               Conj/Fire      33%        2d10      13%         4
 Confusing Touch          Hex            11%        N/A       19%         3
 Summon Lightning Spire   Summ/Air       24%        N/A       24%         4
 Manifold Assault         Tloc           28%        N/A       45%         5
 Yara's Violent Unravell  Hex/Tmut       14%        3d7       45%         5
 Anguish                  Hex/Necr       5%         N/A       52%         4
 Summon Forest            Summ/Tloc      9%         N/A       67%         5
 Summon Mana Viper        Hex/Summ       11%        N/A       86%         5
 Eringya's Noxious Bog    Tmut/Pois      14%        N/A       95%         6
 Simulacrum               Ice/Necr       12%        N/A       98%         6
 Storm Form               Tmut/Air       21%        N/A       99%         7
 Summon Cactus Giant      Summ           5%         N/A       100%        6
 Enfeeble                 Hex            5%         N/A       100%        7
 Summon Hydra             Summ           5%         N/A       100%        7
 Maxwell's Capacitive Co  Air            19%        ∞         100%        8
 Polar Vortex             Ice            19%        N/A       100%        9


Dungeon Overview and Level Annotations

Branches:
Dungeon (12/15)            Temple (1/1) D:4            Lair (0/5) D:10
    Orc (0/2) D:11

Altars:
Ashenzari
Cheibriados
Dithmenos
Elyvilon
Fedhas
Gozag
Hepliaklqana
Kikubaaqudgha
Makhleb
Nemelex Xobeh
Okawaru
Qazlal
Ru
Sif Muna
Trog
Uskayaw
Vehumet
Wu Jian
Xom
Yredelemnul
Zin
The Shining One

Shops:
D:5 *   D:11 *(


Innate Abilities, Weirdness & Mutations

You cannot wear most types of armour.
You are amphibious.
You can wear up to eight rings at the same time.
Your skin changes colour to match your surroundings (Stealth+).
Your rubbery body absorbs attacks. (AC +1, EV +1)
((You are camouflaged when in or above water. (Stealth+)))
You have tentacles for arms and can constrict up to eight enemies at once.


Message History

A six-headed hydra comes into view.
The six-headed hydra roars!
Casting: Stone Arrow (safe; 1% risk of failure)
Confirm with . or Enter, or press ? or * to list all spells.
Aiming: Stone Arrow (safe; 1% risk of failure)
Press: ? - help, Shift-Dir - straight line, f - six-headed hydra
Aim: a six-headed hydra (92% to hit)
The stone arrow hits the six-headed hydra!
The six-headed hydra is lightly wounded.
Casting: Stone Arrow (safe; 1% risk of failure)
Confirm with . or Enter, or press ? or * to list all spells.
Aiming: Stone Arrow (safe; 1% risk of failure)
Press: ? - help, Shift-Dir - straight line, f/p - six-headed hydra
Aim: a six-headed hydra (lightly wounded, 92% to hit)
The stone arrow hits the six-headed hydra!
The six-headed hydra is moderately wounded.
The six-headed hydra bites you. The six-headed hydra bites you! x2
You block the six-headed hydra's attack.
The six-headed hydra bites you! The six-headed hydra misses you.
Unknown command.
Casting: Stone Arrow (safe; 1% risk of failure)
Confirm with . or Enter, or press ? or * to list all spells.
Aiming: Stone Arrow (safe; 1% risk of failure)
Press: ? - help, Shift-Dir - straight line, f/p - six-headed hydra
Aim: a six-headed hydra (moderately wounded, 92% to hit)
The stone arrow hits the six-headed hydra!!
The six-headed hydra is severely wounded.
The six-headed hydra bites you!
* * * LOW HITPOINT WARNING * * *
You block the six-headed hydra's attack. x2
The six-headed hydra barely misses you.
You block the six-headed hydra's attack.
The six-headed hydra bites you!
* * * LOW HITPOINT WARNING * * *
Activating: Slouch (4% risk of failure)
Press: ? - help, Dir - look around, f - activate You can feel time thicken for a moment.
Cheibriados lowers the support of your attributes as your movement quickens.
The six-headed hydra bites you!
You die...

#### ..#.# ..#...
#....# .##.# ....
#....# #####
###)#####..### #H
..####.......#.># tB
..#.......# #.## .#
#.#.....#.# #.# .#
#.#...###.# #.# .#
#..##.# #D# #.# .#
#.#.### #@# #.# .##
##.#... ### #.#
..#####..#..... #.#
#.......####..... #.#
####################.#
.J..J................#
######.####....#.....#
##.# ###'######## #..#
#..#


You could see a six-headed hydra.

Vanquished Creatures
  Fannar (D:11)
  2 deep elf pyromancers (D:12)
  3 cyclopes
  An ugly thing (D:11)
  Maurice (D:9)
  An eye of devastation (D:11)
  Maggie (D:7)
  An unseen horror (D:10)
  A kobold demonologist (D:11)
  A yaktaur (D:12)
  A komodo dragon (D:11)
  5 trolls
  A hornet (D:9)
  Sigmund (D:6)
  2 shadows
  13 yaks
  A vampire (D:9)
  A wyvern (D:11)
  3 wraiths
  Menkaure (D:6)
  4 acid dragons
  2 water moccasins
  6 orc warriors
  3 black bears
  An ice beast (D:8)
  A sky beast (D:8)
  3 ogres
  4 centaurs
  2 wolves (D:10)
  3 phantoms
  A kobold brigand (D:9)
  6 bullfrogs
  2 necrophages
  2 gnoll sergeants
  2 scorpions
  3 wights (D:9)
  3 howler monkeys
  3 electric eels (D:10)
  2 lava snakes (D:8)
  13 hounds
  2 gnoll boudas (D:5)
  3 jellies
  5 orc priests
  4 iguanas
  4 orc wizards
  18 gnolls
  9 adders
  4 shadow imps
  A white imp (D:7)
  An ufetubus (D:6)
  2 worms
  2 dart slugs (D:4)
  49 orcs
  9 bats
  7 endoplasms
  3 giant cockroaches
  6 goblins
  4 hobgoblins
  2 jackals (D:1)
  3 quokkas
  9 ball pythons
  5 frilled lizards
  13 kobolds
  7 rats
280 creatures vanquished.

Vanquished Creatures (others)
  A plant (D:4)
1 creature vanquished.

Grand Total: 281 creatures vanquished

Notes
Turn   | Place    | Note
-------+----------+-------------------------------------------
     0 | D:1      | Ijustatesigmund the Octopode Earth Elementalist began the
                  | quest for the Orb.
     0 | D:1      | Reached XP level 1. HP: 11/11 MP: 3/3
   267 | D:1      | Reached XP level 2. HP: 17/17 MP: 3/5
   958 | D:1      | Reached XP level 3. HP: 21/21 MP: 4/6
  1381 | D:2      | Learned a level 3 spell: Stone Arrow
  1942 | D:2      | Found a faded altar of an unknown god.
  2079 | D:2      | Reached skill level 1 in Conjurations
  2081 | D:2      | Reached XP level 4. HP: 24/27 MP: 3/8
  2755 | D:3      | Noticed a necrophage
  2768 | D:3      | Killed a necrophage
  2769 | D:3      | Reached skill level 1 in Fighting
  2769 | D:3      | Reached XP level 5. HP: 11/33 MP: 1/10
  3602 | D:4      | Reached XP level 6. HP: 24/39 MP: 7/12
  3733 | D:4      | Learned a level 4 spell: Petrify
  3736 | D:4      | Learned a level 2 spell: Passwall
  4230 | D:4      | Identified a scroll of acquirement
  4230 | D:4      | Acquired 546 gold pieces
  4348 | D:4      | Reached XP level 7. HP: 45/45 MP: 13/13
  4498 | D:4      | Found a staircase to the Ecumenical Temple.
  4504 | Temple   | Entered the Ecumenical Temple
  4615 | Temple   | Became a worshipper of Cheibriados the Contemplative
  5103 | D:5      | Entered Level 5 of the Dungeon
  5714 | D:5      | Reached skill level 1 in Invocations
  6677 | D:5      | Reached * piety under Cheibriados
  6775 | D:4      | Reached skill level 2 in Invocations
  6775 | D:4      | Reached XP level 8. HP: 27/51 MP: 2/15
  6946 | D:5      | Reached skill level 5 in Spellcasting
  7269 | D:5      | Learned a level 2 spell: Blink
  7521 | D:5      | Found Vunnenou's Elemental Accessories.
  7703 | D:5      | Reached skill level 1 in Translocations
  7703 | D:5      | Reached skill level 3 in Invocations
  8024 | D:6      | Reached ** piety under Cheibriados
  8025 | D:6      | Reached skill level 5 in Earth Magic
  8408 | D:6      | Noticed Menkaure
  8411 | D:6      | Killed Menkaure
  8616 | D:6      | Reached skill level 5 in Conjurations
  8636 | D:6      | Noticed Sigmund
  8649 | D:6      | Killed Sigmund
  8650 | D:6      | Reached XP level 9. HP: 45/55 MP: 14/17
  8733 | D:6      | Reached skill level 4 in Invocations
  9457 | D:7      | Noticed Maggie
 10495 | D:7      | Reached *** piety under Cheibriados
 10579 | D:7      | Found a stormy altar of Qazlal.
 10585 | D:7      | Killed Maggie
 10747 | D:8      | Reached skill level 5 in Transmutations
 10747 | D:8      | Reached skill level 5 in Invocations
 11009 | D:8      | Reached XP level 10. HP: 63/63 MP: 6/18
 12805 | D:9      | Reached skill level 6 in Invocations
 12809 | D:9      | Reached skill level 1 in Evocations
 13014 | D:9      | Reached **** piety under Cheibriados
 13100 | D:9      | Noticed Maurice
 13110 | D:9      | Killed Maurice
 13536 | D:10     | Entered Level 10 of the Dungeon
 13577 | D:10     | Reached skill level 1 in Short Blades
 13744 | D:10     | Reached XP level 11. HP: 56/69 MP: 7/20
 13954 | D:10     | Reached skill level 7 in Invocations
 14997 | D:10     | Found a staircase to the Lair.
 15397 | D:10     | Learned a level 5 spell: Freezing Cloud
 16214 | D:11     | Found Xinasai's Changing Room.
 16224 | D:11     | Bought a potion of lignification for 36 gold pieces
 16224 | D:11     | Bought a potion of lignification for 36 gold pieces
 16224 | D:11     | Bought a wand of polymorph (4) for 67 gold pieces
 16268 | D:11     | Reached skill level 1 in Shields
 16268 | D:11     | Reached skill level 1 in Ice Magic
 16268 | D:11     | Reached skill level 1 in Air Magic
 16469 | D:11     | Found Patithris's Weapon Boutique.
 16539 | D:11     | Noticed a cyan ugly thing
 16546 | D:11     | Killed a cyan ugly thing
 16552 | D:11     | Noticed a cyclops
 16664 | D:12     | Noticed a deep elf pyromancer
 16667 | D:12     | Killed a deep elf pyromancer
 16785 | D:12     | Noticed a green ugly thing
 16858 | D:11     | Noticed a cyclops
 16875 | D:11     | Noticed a boulder beetle
 17331 | D:11     | Noticed Fannar
 17550 | D:11     | Found a staircase to the Orcish Mines.
 17585 | D:11     | a boulder beetle changed into an eye of devastation
 18201 | D:11     | Killed a cyclops
 18202 | D:11     | Reached skill level 8 in Invocations
 18208 | D:11     | Killed a cyclops
 18326 | D:11     | Reached ***** piety under Cheibriados
 18433 | D:11     | Killed Fannar
 18444 | D:11     | Reached XP level 12. HP: 34/74 MP: 2/23
 19109 | D:12     | Noticed a boulder beetle
 19231 | D:12     | Noticed a six-headed hydra
 19240 | D:12     | Slain by a six-headed hydra

Illustrated notes

Levels and vault maps discovered:
D:1:      dpeg_arrival_fog, layout_loops_corners
D:2:      layout_rooms, nicolae_ecumenical_snake_handling, amethyst_killhole
D:3:      layout_rooms
D:4:      layout_loops_ring, minmay_temple_entry_nine_rooms, serial_bayou,
          serial_bayou_shore_a, serial_bayou_lake_a, serial_bayou_ford_a,
          serial_bayou_lagoon_a, minivault_27
D:5:      layout_cave_pools, nicolae_elemental_shop
D:6:      layout_gridville, uniq_menkaure, uniq_sigmund
D:7:      layout_loops_ring, grunt_qazlal_sundering, nrook_mini_backslash,
          grunt_ministairs_14, minmay_misc_feat_five, kennysheep_minor_cross,
          uniq_maggie
D:8:      layout_loops_ring, minmay_misc_feat_four_crosses,
          kennysheep_generic_room_4
D:9:      layout_loops_cross, serial_park_tiny_pond, uniq_maurice
D:10:     layout_layer_cave, erik_lair_island, chequers_serial_rivers_micro_d
D:11:     layout_roguey, hiddenorc2_lemuel, serial_shops,
          nicolae_shop_waterfront, eino_tiny_chamber,
          nicolae_transmutations_shop, minmay_increasing_density, uniq_fannar
D:12:     layout_roguey [special_room_orc], drop_trap, moated_statue,
          minmay_the_grid_2x2 [minmay_the_grid_fan, minmay_the_grid_pillar_ring,
          minmay_the_grid_zigzag_pyramid, minmay_the_grid_prize_inner_circle]
Temple:   regret_index_temple_sigil_plot

Skill      XL: |  1  2  3  4  5  6  7  8  9 10 11 12 |
---------------+-------------------------------------+-----
Spellcasting   | 3 4 5 6 7 |  7.5
Conjurations   | 1 2 3 4 5 6 7 |  7.4
Fighting       | 1 2 3 4 |  4.1
Earth Magic    | 4 5 6 |  6.9
Invocations    | 2 3 5 6 8 |  8.9
Transmutations | 2 4 5 |  5.8
Translocations | 2 |  2.8
Dodging        | 3 4 |  4.4
Evocations     | 3 |  3.6
Stealth        | 3 4 |  4.1
Short Blades   | 1 2 |  2.0
Shields        | 3 |  3.0
Ice Magic      | 3 4 |  4.4
Air Magic      | 3 4 |  4.4

Action                   |  1- 3 |  4- 6 |  7- 9 | 10-12 || total
-------------------------+-------+-------+-------+-------++-------
Melee: Short sword       |    10 |       |       |       ||    10
       Constrict         |     6 |     9 |     6 |    25 ||    46
       Tentacles         |     4 |    13 |    10 |    43 ||    70
       Dagger            |       |    30 |    30 |   140 ||   200
       Punch             |       |       |       |     2 ||     2
 Cast: Sandblast         |    47 |    43 |     8 |     2 ||   100
       Stone Arrow       |       |     5 |   128 |   147 ||   280
       Passwall          |       |       |     3 |     4 ||     7
       Blink             |       |       |       |     1 ||     1
       Petrify           |       |       |       |     3 ||     3
Invok: Slouch            |       |       |       |     3 ||     3
Evoke: Wand              |       |       |     3 |    34 ||    37
  Use: Scroll            |     2 |     7 |     7 |    13 ||    29
       Potion            |       |       |     3 |     6 ||     9
 Stab: Sleeping          |       |     6 |       |     5 ||    11
       Paralysed         |       |       |     3 |    17 ||    20
       Distracted        |       |       |       |     1 ||     1
Armor: Skin              |     8 |     4 |     4 |     3 ||    19
Dodge: Dodged            |    45 |    33 |    63 |   148 ||   289
Block: Other             |       |       |     5 |    19 ||    24
       Reflection        |       |       |       |     7 ||     7
       Buckler           |       |       |       |    85 ||    85

Table legend: (Time is in decaauts)
 A = Elapsed time spent in this place.
 B = Non-inter-level travel time spent in this place.
 C = Inter-level travel time spent in this place.
 D = Time resting spent in this place.
 E = Time spent auto-exploring this place.
 F = Levels seen in this place.
 G = Mean time per level.
                   A        B        C        D        E       F      G
               +--------+--------+--------+--------+--------+-----+--------+
         Total |  22619 |  21903 |    716 |   8220 |  10929 |  13 | 1739.9 |
       Dungeon |  22262 |  21557 |    705 |   8220 |  10600 |  12 | 1855.2 |
        Temple |    356 |    346 |     10 |      0 |    328 |   1 |  356.0 |
               +--------+--------+--------+--------+--------+-----+--------+

Top non-repeatable levels by time:
    D:10: 3519 daAuts
     D:4: 2651 daAuts
    D:11: 2628 daAuts
     D:6: 2247 daAuts
     D:9: 2190 daAuts
     D:5: 1784 daAuts
     D:1: 1747 daAuts
     D:8: 1682 daAuts
     D:7: 1325 daAuts
     D:3: 972 daAuts
     D:2: 796 daAuts
    D:12: 716 daAuts
  Temple: 356 daAuts
